 Dungeon Crawl Stone Soup version 0.13-a0-1693-g8ac13c1 (webtiles) character file.

525 Koal the Ruinous (level 6, 0/32 HPs)
             Began as a Tengu Fire Elementalist on June 20, 2013.
             Was a Believer of Jiyva.
             Slain by a worker ant (7 damage)
             ... on Level 4 of the Dungeon.
             The game lasted 00:23:24 (4334 turns).

Koal the Ruinous (Tengu Fire Elementalist)          Turns: 4334, Time: 00:23:24

HP   0/32        AC  3     Str  8      XL: 6   Next: 65%
MP   8/13        EV 12     Int 17      God: Jiyva [**....]
Gold 165         SH  0     Dex 15      Spells:  3 memorised,  1 level left

Res.Fire  : . . .   See Invis. : .   a - +0,+1 quarterstaff
Res.Cold  : . . .   Warding    : .   g - +0 robe
Life Prot.: . . .   Conserve   : .   (no shield)
Res.Poison: +       Res.Corr.  : .   (helmet restricted)
Res.Elec. : .       Clarity    : .   n - +0 cloak (curse)
Sust.Abil.: . .     Spirit.Shd : .   (no gloves)
Res.Mut.  : .       Stasis     : .   (boots unavailable)
Res.Rott. : .       Flight     : .   (no amulet)
Saprovore : . . .                    (no ring)
                                     r - cursed ring of poison resistance

@: slightly resistant to hostile enchantments, fairly stealthy
A: able to fly, beak, talons 3
a: Fly, Request Jelly, Jelly Paralyse, Renounce Religion


You were on level 4 of the Dungeon.
You worshipped Jiyva.
Jiyva was most pleased with you.
You were not hungry.

You visited 1 branch of the dungeon, and saw 4 of its levels.

You collected 145 gold pieces.

Inventory:

Hand weapons
 a - a +0,+1 quarterstaff (weapon)
 b - a +0 blowgun
 e - a +0,+0 sling
Missiles
 h - 5 needles of paralysis
 m - 19 darts (quivered)
 o - 25 poisoned needles
 y - 16 darts of frost
 A - 6 stones
Armour
 g - a +0 robe (worn)
 n - a cursed +0 cloak (worn)
Magical devices
 s - a wand of fireball (0)
 x - a wand of fireball (0)
Comestibles
 c - 2 bread rations
 f - 15 strawberries
 p - 2 chokos
 q - 2 rotting chunks of orc flesh
 u - 2 chunks of jackal flesh
 v - a chunk of rat flesh
 B - a chunk of goblin flesh
Scrolls
 d - a scroll of blinking
 t - a scroll of teleportation
Jewellery
 r - a cursed ring of poison resistance (left hand)
Potions
 i - 2 potions of heal wounds
 k - a potion of agility {unknown}
 l - a potion of poison {unknown}
 w - a potion of curing {unknown}
Books
 j - a book of Flames

   Spells                             Type                      Level
   *Flame Tongue                      Conjuration/Fire             1
   Throw Flame                        Conjuration/Fire             2
   *Conjure Flame                     Conjuration/Fire             3
   Inner Flame                        Hexes/Fire                   3
   *Sticky Flame                      Conjuration/Fire             4
   Fireball                           Conjuration/Fire             5
 z - a book of Unlife

   Spells                             Type                      Level
   Recall                             Summoning/Translocation      3
   Animate Dead                       Necromancy                   4
   Control Undead                     Necromancy                   4
   Twisted Resurrection               Necromancy                   5
   Death Channel                      Necromancy                   6
   Simulacrum                         Ice/Necromancy               6


   Skills:
 - Level 2.1 Dodging
 - Level 2.0 Stealth
 - Level 2.0 Spellcasting
 * Level 7.8 Conjurations
 - Level 4.0 Fire Magic


You had one spell level left.
You knew the following spells:

 Your Spells              Type           Power        Failure   Level  Hunger
a - Flame Tongue          Conj/Fire      ###..        1%          1    #......
b - Conjure Flame         Conj/Fire      ###.....     8%          3    ####...
c - Sticky Flame          Conj/Fire      ###.....     21%         4    #####..


Dungeon Overview and Level Annotations

Branches:
Dungeon (4/27)
 Temple: D:4-7

Altars:
Elyvilon
Okawaru
Jiyva

Annotations
D:3 Sigmund


Innate Abilities, Weirdness & Mutations

You can fly.
You have a beak for a mouth.
You have claws for feet.


Message History

The flame hits the worker ant.
The worker ant is moderately wounded.
The worker ant closely misses you.
Casting: Flame Tongue
Confirm with . or Enter, or press ? or * to list all spells.
Aiming: Flame Tongue
Press: ? - help, Shift-Dir - straight line, f/p - worker ant
Aim: a worker ant (moderately wounded)
The flame hits the worker ant.
The worker ant is moderately wounded.
The worker ant barely misses you.
Casting: Flame Tongue
Confirm with . or Enter, or press ? or * to list all spells.
Aiming: Flame Tongue
Press: ? - help, Shift-Dir - straight line, f/p - worker ant
Aim: a worker ant (moderately wounded)
The flame hits the worker ant.
The worker ant is severely wounded.
The worker ant bites you!
You die...

.#. ###.##...........# .
#.....###........ #
#####.###.######.####
####.##.....# #......#.#
#.......###.###.#.##.#.#
...##.##.###.....J#.#.#.#
#............###....######
####.####a###.#.#.#......#
...####.####@####.##.#.####.#
#.....................#.####..
.#.#########...#######.#.....
############ ##.#.##..
#.##.##.##.# #.......#
#≈.........# #.......#
##..≈..≈..≈.####.##.#.##
#_≈............#.#..#.#
##..........##...#.##.##


You could see a worker ant.

Vanquished Creatures
  An orc priest (D:4)
  3 worker ants (D:4)
  An orc wizard (D:4)
  4 jellies (D:4)
  A giant mite (D:3)
  4 adders
  An inept feature mimic (D:4)
  A worm (D:3)
  2 giant geckos
  6 oozes
  11 orcs
  11 bats
  3 giant cockroaches
  6 hobgoblins
  7 jackals
  2 quokkas
  6 giant newts
  8 goblins
  11 kobolds
  9 rats
98 creatures vanquished.

Vanquished Creatures (others)
  A hound (D:4)
  A worker ant (D:4)
  A goblin (D:1)
  A kobold skeleton (D:4)
  A rat (D:3)
  A toadstool (D:4)
6 creatures vanquished.

Grand Total: 104 creatures vanquished

Notes
Turn   | Place    | Note
--------------------------------------------------------------
     0 | D:1      | Koal, the Tengu Fire Elementalist, began the quest for the Orb.
     0 | D:1      | Reached XP level 1. HP: 10/10 MP: 3/3
   222 | D:1      | Reached XP level 2. HP: 12/15 MP: 1/5
  1189 | D:2      | Reached XP level 3. HP: 19/19 MP: 6/6
  1772 | D:2      | Reached skill level 4 in Conjurations
  1777 | D:2      | Learned a level 3 spell: Conjure Flame
  1877 | D:2      | Reached XP level 4. HP: 24/24 MP: 2/8
  2125 | D:3      | Found a white marble altar of Elyvilon.
  2246 | D:3      | Noticed Sigmund
  2490 | D:3      | Found an iron altar of Okawaru.
  3057 | D:3      | Reached skill level 5 in Conjurations
  3344 | D:4      | Reached XP level 5. HP: 28/28 MP: 8/10
  3558 | D:4      | Reached skill level 6 in Conjurations
  3757 | D:4      | Reached XP level 6. HP: 32/32 MP: 10/13
  3905 | D:4      | Reached skill level 7 in Conjurations
  4044 | D:4      | Found a viscous altar of Jiyva.
  4063 | D:4      | Became a worshipper of Jiyva Jocil the Shapeless
  4122 | D:4      | Acquired Jiyva's first power
  4215 | D:4      | Learned a level 4 spell: Sticky Flame
  4279 | D:4      | Acquired Jiyva's second power
  4334 | D:4      | Slain by a worker ant

Action                   |  1- 3 |  4- 6 || total
-------------------------+-------+-------++-------
Melee: Unarmed           |     7 |       ||     7
       Mace              |    34 |     1 ||    35
       Quarterstaff      |       |    74 ||    74
 Fire: Sling             |    28 |    44 ||    72
       Blowgun           |       |    36 ||    36
Throw: Dart              |    24 |    22 ||    46
 Cast: Flame Tongue      |    33 |    46 ||    79
       Conjure Flame     |     1 |     7 ||     8
Evoke: Wand              |       |     2 ||     2
  Use: Scroll            |       |    10 ||    10
 Stab: Sleeping          |     4 |     2 ||     6
